BSA
VISTA PANTHERS @ POCATELLO BELLAS
10/13/2030
 
TOP OF THE 1ST
Vista Panthers batting - Pitching for Pocatello Bellas : RHP Dionisio Penni
Pitching: RHP Dionisio Penni
Batting: LHB Francisco Medina 0-0: Ball
1-0: Called Strike
1-1: Ground out 3-1 (Groundball, 34)
Batting: LHB Clyde Yarbrough 0-0: Ball
1-0: Ball
2-0: Ball
3-0: Called Strike
3-1: Swinging Strike
3-2: Base on Balls
Batting: RHB Jake Reeves 0-0: Called Strike
0-1: Ball
1-1: Fly out, F7 (Flyball, 7S)
Batting: LHB Dante Owens 0-0: Foul Ball, location: 2F
0-1: Ball
1-1: Foul Ball, location: 2F
1-2: Ball
2-2: Foul Ball, location: 2F
2-2: Ball
3-2: Strikes out swinging
Top of the 1st over - 0 runs, 0 hits, 0 errors, 1 left on base; Vista 0 - Pocatello 0
BOTTOM OF THE 1ST
Pocatello Bellas batting - Pitching for Vista Panthers : LHP John Whitaker
Pitching: LHP John Whitaker
Batting: SHB Shane Hutchinson 0-0: SINGLE (Groundball, 56D)
Batting: LHB Roberto García 0-0: Swinging Strike
0-1: Ball
1-1: Ball
2-1: Foul Ball, location: 2F
2-2: Fly out, F8 (Flyball, 8LXD)
Batting: RHB Buck Jones 0-0: Ball
1-0: Foul Ball, location: 2F
1-1: Called Strike
1-2: Ball
2-2: Ball
3-2: Ground out 5-3 (Groundball, 56S)
Shane Hutchinson to second
Batting: RHB António Ortega 0-0: Called Strike
0-1: Ball
1-1: Ground out 5-3 (Groundball, 56S)
Bottom of the 1st over - 0 runs, 1 hit, 0 errors, 1 left on base; Vista 0 - Pocatello 0
TOP OF THE 2ND
Vista Panthers batting - Pitching for Pocatello Bellas : RHP Dionisio Penni
Batting: LHB Noriaki Sangi 0-0: Ball
1-0: Ball
2-0: Foul Ball, location: 2F
2-1: Foul Ball, location: 2F
2-2: Strikes out looking
Batting: RHB Johnny Williams 0-0: Ball
1-0: Ball
2-0: Ball
3-0: Base on Balls
Batting: RHB Justin Burgess 0-0: Ball
1-0: Called Strike
1-1: Swinging Strike
1-2: Strikes out swinging
Batting: RHB Luis Ríos 0-0: Ball
1-0: Ball
2-0: Ball
3-0: Base on Balls
Johnny Williams to second
Batting: LHB Ramiro Martínez 0-0: Ball
1-0: Ball
2-0: Called Strike
2-1: Foul Ball, location: 2F
2-2: SINGLE (Line Drive, 3D)
Johnny Williams to third
Luis Ríos to second
Runner from 3rd tries for Home, SAFE, throw made home
Batting: LHB Francisco Medina 0-0: Swinging Strike
0-1: Swinging Strike
0-2: Strikes out looking
Top of the 2nd over - 1 run, 1 hit, 0 errors, 2 left on base; Vista 1 - Pocatello 0
BOTTOM OF THE 2ND
Pocatello Bellas batting - Pitching for Vista Panthers : LHP John Whitaker
Batting: RHB Júlio Figueroa 0-0: Ball
1-0: Called Strike
1-1: SINGLE (Line Drive, 56D)
Batting: RHB Francisco Ibarra 0-0: Foul Ball, location: 2F
0-1: Swinging Strike
0-2: Ball
1-2: Strikes out swinging
Batting: RHB Lonnie Anderson 0-0: Ball
1-0: Foul Ball, location: 2F
1-1: Ball
2-1: Grounds into double play, 6-4-3 (Groundball, 6)
Bottom of the 2nd over - 0 runs, 1 hit, 0 errors, 0 left on base; Vista 1 - Pocatello 0
TOP OF THE 3RD
Vista Panthers batting - Pitching for Pocatello Bellas : RHP Dionisio Penni
Batting: LHB Clyde Yarbrough 0-0: Ball
1-0: SINGLE (Line Drive, 4MD)
Batting: RHB Jake Reeves 0-0: Ball
1-0: Foul Ball, location: 2F
1-1: Foul Ball, location: 2F
1-2: Foul Ball, location: 2F
1-2: Ball
2-2: Ball
3-2: Base on Balls
Clyde Yarbrough to second
Batting: LHB Dante Owens 0-0: Fly out, F7 (Flyball, 7LM)
Batting: LHB Noriaki Sangi 0-0: Called Strike
0-1: Ball
1-1: Ball
2-1: Ball
3-1: Base on Balls
Clyde Yarbrough to third
Jake Reeves to second
Batting: RHB Johnny Williams 0-0: Foul Ball, location: 2F
0-1: Ground out 5-3 (Groundball, 56S)
Clyde Yarbrough scores
Jake Reeves to third
Noriaki Sangi to second
Pitching: RHP Manuel Fuentes
Batting: RHB Justin Burgess 0-0: Called Strike
0-1: Ball
1-1: Ball
2-1: Swinging Strike
2-2: Strikes out swinging
Top of the 3rd over - 1 run, 1 hit, 0 errors, 2 left on base; Vista 2 - Pocatello 0
BOTTOM OF THE 3RD
Pocatello Bellas batting - Pitching for Vista Panthers : LHP John Whitaker
Batting: LHB José Rivas 0-0: Called Strike
0-1: Ball
1-1: Called Strike
1-2: Ball
2-2: Ball
3-2: SOLO HOME RUN (Line Drive, 9D), Distance : 375 ft
Batting: RHB Javier Deleón 0-0: Ball
1-0: SOLO HOME RUN (Line Drive, 7LD), Distance : 332 ft
Batting: SHB Shane Hutchinson 0-0: Called Strike
0-1: Foul Ball, location: 2F
0-2: Foul Ball, location: 2F
0-2: SOLO HOME RUN (Line Drive, 9LD), Distance : 336 ft
Batting: LHB Roberto García 0-0: Ball
1-0: Swinging Strike
1-1: Foul Ball, location: 2F
1-2: Fly out, F8 (Flyball, 8RM)
Batting: RHB Buck Jones 0-0: Ball
1-0: Called Strike
1-1: Ground out 5-3 (Groundball, 5S)
Batting: RHB António Ortega 0-0: Ground out 5-3 (Groundball, 56)
Bottom of the 3rd over - 3 runs, 3 hits, 0 errors, 0 left on base; Vista 2 - Pocatello 3
TOP OF THE 4TH
Vista Panthers batting - Pitching for Pocatello Bellas : RHP Manuel Fuentes
Batting: RHB Luis Ríos 0-0: Swinging Strike
0-1: Called Strike
0-2: Foul Ball, location: 2F
0-2: TRIPLE (Flyball, 78XD)
Batting: LHB Ramiro Martínez 0-0: Called Strike
0-1: Foul Ball, location: 2F
0-2: Strikes out looking
Batting: LHB Francisco Medina 0-0: Called Strike
0-1: Called Strike
0-2: SINGLE (Flyball, 7S)
Luis Ríos scores
Batting: LHB Clyde Yarbrough 0-0: Ball
1-0: Ball
2-0: Called Strike
2-1: Ball
3-1: Ground out 4-3 (Groundball, 34D)
Francisco Medina to second
Batting: RHB Jake Reeves 0-0: Ball
1-0: Called Strike
1-1: Ground out 6-3 (Groundball, 6)
Top of the 4th over - 1 run, 2 hits, 0 errors, 1 left on base; Vista 3 - Pocatello 3
BOTTOM OF THE 4TH
Pocatello Bellas batting - Pitching for Vista Panthers : LHP John Whitaker
Batting: RHB Júlio Figueroa 0-0: Ball
1-0: Swinging Strike
1-1: Foul Ball, location: 2F
1-2: Foul Ball, location: 2F
1-2: SINGLE (Line Drive, 78S)
Pitching: RHP José Betancourt
Batting: RHB Francisco Ibarra 0-0: SINGLE (Groundball, 34D)
Júlio Figueroa to second
Runner from 2nd tries for 3rd, SAFE, no throw
Batting: RHB Lonnie Anderson 0-0: Ball
1-0: Ball
2-0: Ball
3-0: Called Strike
3-1: Grounds into double play, 1-6-3 (Groundball, 13)
Batting: LHB José Rivas 0-0: Intentional Walk
Batting: RHB Javier Deleón 0-0: Called Strike
0-1: Ball
1-1: Fielders Choice at 2nd, 5-4 (Groundball, 56)
Bottom of the 4th over - 0 runs, 2 hits, 0 errors, 2 left on base; Vista 3 - Pocatello 3
TOP OF THE 5TH
Vista Panthers batting - Pitching for Pocatello Bellas : RHP Manuel Fuentes
Batting: LHB Dante Owens 0-0: Ball
1-0: Foul Ball, location: 2F
1-1: Ball
2-1: Fly out, F8 (Flyball, 8LXD)
Batting: LHB Noriaki Sangi 0-0: Ball
1-0: Ball
2-0: Ball
3-0: Base on Balls
Batting: RHB Johnny Williams 0-0: Called Strike
0-1: Called Strike
0-2: Strikes out swinging
Batting: RHB Justin Burgess 0-0: Swinging Strike
0-1: Called Strike
0-2: Ball
1-2: Strikes out swinging
Top of the 5th over - 0 runs, 0 hits, 0 errors, 1 left on base; Vista 3 - Pocatello 3
BOTTOM OF THE 5TH
Pocatello Bellas batting - Pitching for Vista Panthers : RHP José Betancourt
Batting: SHB Shane Hutchinson 0-0: Ball
1-0: Foul Ball, location: 2F
1-1: Ball
2-1: Swinging Strike
2-2: Ball
3-2: Ground out 4-3 (Groundball, 4)
Batting: LHB Roberto García 0-0: Called Strike
0-1: Foul Ball, location: 2F
0-2: Ball
1-2: Ball
2-2: Fly out, F8 (Line Drive, 8LD)
Batting: RHB Buck Jones 0-0: Called Strike
0-1: Ball
1-1: Ball
2-1: SINGLE (Line Drive, 9S)
Batting: RHB António Ortega 0-0: Ball
1-0: Foul Ball, location: 2F
1-1: Ball
2-1: Ball
3-1: Called Strike
3-2: Ground out 6-3 (Groundball, 6)
Bottom of the 5th over - 0 runs, 1 hit, 0 errors, 1 left on base; Vista 3 - Pocatello 3
TOP OF THE 6TH
Vista Panthers batting - Pitching for Pocatello Bellas : RHP Manuel Fuentes
Batting: RHB Luis Ríos 0-0: Ball
1-0: Swinging Strike
1-1: Ball
2-1: SINGLE (Groundball, 4) (infield hit)
Pitching: RHP José Ruíz
Batting: LHB Ramiro Martínez 0-0: Ball
1-0: DOUBLE (Line Drive, 78XD)
Luis Ríos to third
Runner from 3rd tries for Home, SAFE, no throw
Batting: LHB Francisco Medina 0-0: Ball
1-0: Ball
2-0: Ball
3-0: Base on Balls
Batting: LHB Clyde Yarbrough 0-0: Grounds into double play, 6-4-3 (Groundball, 6)
Ramiro Martínez to third
Batting: RHB Jake Reeves 0-0: Foul Ball, location: 2F
0-1: Foul Ball, location: 2F
0-2: Ball
1-2: Ball
2-2: Fly out, F7 (Flyball, 78S)
Top of the 6th over - 1 run, 2 hits, 0 errors, 1 left on base; Vista 4 - Pocatello 3
BOTTOM OF THE 6TH
Pocatello Bellas batting - Pitching for Vista Panthers : RHP José Betancourt
Batting: RHB Júlio Figueroa 0-0: Called Strike
0-1: Ball
1-1: Ball
2-1: Ball
3-1: SINGLE (Flyball, 7LM)
Batting: RHB Francisco Ibarra 0-0: SINGLE (Line Drive, 7LS)
Júlio Figueroa to second
Batting: RHB Lonnie Anderson 0-0: Called Strike
0-1: Foul Ball, location: 2F
0-2: Ball
1-2: Ball
2-2: Ground out 5-3 (Groundball, 56S)
Júlio Figueroa to third
Francisco Ibarra to second
Batting: LHB José Rivas 0-0: Foul Ball, location: 2F
0-1: Swinging Strike
0-2: Foul Ball, location: 2F
0-2: Ball
1-2: Ball
2-2: Fly out, F2 (Popup, 2LF)
Batting: RHB Javier Deleón 0-0: Swinging Strike
0-1: Called Strike
0-2: Ball
1-2: Fly out, F3 (Popup, 34)
Bottom of the 6th over - 0 runs, 2 hits, 0 errors, 2 left on base; Vista 4 - Pocatello 3
TOP OF THE 7TH
Vista Panthers batting - Pitching for Pocatello Bellas : RHP José Ruíz
Batting: LHB Dante Owens 0-0: Ball
1-0: Ball
2-0: Called Strike
2-1: Ball
3-1: Foul Ball, location: 2F
3-2: Ground out U3 (Groundball, 3)
Batting: LHB Noriaki Sangi 0-0: Ball
1-0: Called Strike
1-1: Foul Ball, location: 2F
1-2: Ball
2-2: Ball
3-2: Strikes out swinging
Batting: RHB Johnny Williams 0-0: Ball
1-0: Called Strike
1-1: Swinging Strike
1-2: Ball
2-2: Fly out, F8 (Flyball, 8RS)
Top of the 7th over - 0 runs, 0 hits, 0 errors, 0 left on base; Vista 4 - Pocatello 3
BOTTOM OF THE 7TH
Pocatello Bellas batting - Pitching for Vista Panthers : RHP José Betancourt
Pitching: LHP António Martínez
Batting: SHB Shane Hutchinson 0-0: Foul Ball, location: 2F
0-1: Called Strike
0-2: Ball
1-2: Ball
2-2: Ball
3-2: Foul Ball, location: 2F
3-2: Base on Balls
Batting: LHB Roberto García 0-0: Called Strike
0-1: Sac Bunt - play at first, batter OUT! 2-4
Shane Hutchinson to second
Pitching: RHP José Salinas
Batting: RHB Buck Jones 0-0: Fly out, F5 (Popup, 5SF)
Batting: RHB António Ortega 0-0: Ball
1-0: Ball
2-0: Called Strike
2-1: Foul Ball, location: 2F
2-2: SINGLE (Line Drive, 78S)
Shane Hutchinson to third
Runner from 3rd tries for Home, SAFE, no throw
Batting: RHB Júlio Figueroa 0-0: Called Strike
0-1: Foul Ball, location: 2F
0-2: Ball
1-2: Ball
2-2: Fly out, F6 (Line Drive, 6M)
Bottom of the 7th over - 1 run, 1 hit, 0 errors, 1 left on base; Vista 4 - Pocatello 4
TOP OF THE 8TH
Vista Panthers batting - Pitching for Pocatello Bellas : RHP José Ruíz
Pitching: RHP Jaime Espinoza
Batting: RHB Justin Burgess 0-0: Swinging Strike
0-1: Foul Ball, location: 2F
0-2: Ball
1-2: Ball
2-2: Strikes out looking
Batting: RHB Luis Ríos 0-0: Ball
1-0: Foul Ball, location: 2F
1-1: Ball
2-1: Swinging Strike
2-2: Ground out 6-3 (Groundball, 6)
Batting: LHB Ramiro Martínez 0-0: Ball
1-0: Called Strike
1-1: Foul Ball, location: 2F
1-2: Ball
2-2: Ground out 6-3 (Groundball, 56)
Top of the 8th over - 0 runs, 0 hits, 0 errors, 0 left on base; Vista 4 - Pocatello 4
BOTTOM OF THE 8TH
Pocatello Bellas batting - Pitching for Vista Panthers : RHP José Salinas
Batting: RHB Francisco Ibarra 0-0: Ball
1-0: Swinging Strike
1-1: Foul Ball, location: 2F
1-2: Ball
2-2: Strikes out swinging
Batting: RHB Lonnie Anderson 0-0: Ball
1-0: Ground out 5-3 (Groundball, 56S)
Pitching: RHP John Hall
Batting: LHB José Rivas 0-0: Called Strike
0-1: Ball
1-1: Foul Ball, location: 2F
1-2: Ball
2-2: Foul Ball, location: 2F
2-2: DOUBLE (Line Drive, 78XD)
Pinch Hitting: LHB Stan Bates 0-0: Ground out 4-3 (Groundball, 4)
Bottom of the 8th over - 0 runs, 1 hit, 0 errors, 1 left on base; Vista 4 - Pocatello 4
TOP OF THE 9TH
Vista Panthers batting - Pitching for Pocatello Bellas : RHP Jaime Espinoza
Now at 1B: Stan Bates
Batting: LHB Francisco Medina 0-0: SINGLE (Groundball, 3) (infield hit)
Batting: LHB Clyde Yarbrough 0-0: Ball
1-0: Ball
2-0: Sac Bunt - play at first, batter OUT! 1-4
Francisco Medina to second
Batting: RHB Jake Reeves 0-0: Swinging Strike
0-1: Ball
1-1: Foul Ball, location: 2F
1-2: Strikes out swinging
Batting: LHB Dante Owens 0-0: Ball
1-0: Reached on error, E4 (Groundball, 4)
Francisco Medina to third
Batting: LHB Noriaki Sangi 0-0: Fielders Choice at 2nd, 5-4 (Groundball, 56)
Top of the 9th over - 0 runs, 1 hit, 1 error, 2 left on base; Vista 4 - Pocatello 4
BOTTOM OF THE 9TH
Pocatello Bellas batting - Pitching for Vista Panthers : RHP John Hall
Pitching: RHP David Simpson
Batting: SHB Shane Hutchinson 0-0: Ball
1-0: Foul Ball, location: 2F
1-1: Called Strike
1-2: Strikes out swinging
Batting: LHB Roberto García 0-0: Swinging Strike
0-1: Swinging Strike
0-2: Ball
1-2: SOLO HOME RUN (Flyball, 7LD), Distance : 337 ft
Saturday, April 7th, 2018 - OOTP Baseball 18.8 Build 76